 Dungeon Crawl Stone Soup version 0.29.1-12-g30fa7ad0bf (webtiles) character file.

Game seed: 11437306807327535805

47 KittyFluff the Trooper (level 3, -3/24 HPs)
             Began as a Gargoyle Berserker on Jan 1, 2023.
             Was a Believer of Trog.
             Frozen to death by an endoplasm (5 damage)
             ... on level 2 of the Dungeon.
             The game lasted 00:05:32 (1522 turns).

KittyFluff the Trooper (Gargoyle Berserker)         Turns: 1522, Time: 00:05:33

Health: -3/24      AC:  8    Str: 20    XL:     3   Next: 70%
Magic:  3/3        EV: 11    Int:  7    God:    Trog [**....]
Gold:   61         SH:  0    Dex: 11    Spells: 2/2 levels left

rFire   . . .      SeeInvis .   a - +0 mace
rCold   . . .      Faith    .   (no shield)
rNeg    + . .      Spirit   .   g - +0 leather armour
rPois   ∞          Reflect  .   i - +0 helmet
rElec   +          Harm     .   (no cloak)
rCorr   .          Rampage  .   c - +0 pair of gloves
Will    .....                   (no boots)
Stlth   +.........              (no amulet)
HPRegen 0.08/turn               (no ring)
MPRegen 0.08/turn               (no ring)

@: no status effects
A: sickness immunity, AC +3, negative energy resistance 1, electricity
resistance, torment resistance 1, petrification resistance
a: Renounce Religion, Berserk, Trog's Hand


You were on level 2 of the Dungeon.
You worshipped Trog.
Trog was pleased with you.
You visited 1 branch of the dungeon, and saw 2 of its levels.

You collected 61 gold pieces.

Inventory:

Hand Weapons
 a - a +0 mace (weapon)
Missiles
 d - 26 stones (quivered)
Armour
 c - a +0 pair of gloves (worn)
 g - a +0 leather armour (worn)
 i - a +0 helmet (worn)
 k - a +1 ring mail of willpower
Jewellery
 b - a ring of magical power
 o - a ring of willpower
Scrolls
 e - 3 scrolls of identify
 f - a scroll of summoning {unknown}
 j - a scroll of vulnerability {unknown}
 l - a scroll of silence {unknown}
 m - 2 scrolls of immolation {unknown}
Potions
 h - a potion of degeneration
 n - 2 potions of curing {unknown}


   Skills:
 + Level 3.7 Fighting
 + Level 3.7 Maces & Flails
 * Level 2.7 Armour
 + Level 1.9 Dodging


You had 2 spell levels left.
You didn't know any spells.
Your spell library was empty.

Dungeon Overview and Level Annotations

Branches:
Dungeon (2/15)

Altars:


Innate Abilities, Weirdness & Mutations

You are immune to sickness and miasma.
Your stone body is resilient. (AC +3)
You are immune to poison.
You resist negative energy. (rN+)
You are resistant to electric shocks. (rElec)
You are resistant to unholy torment.
You are immune to petrification.


Message History

The adder is almost dead.
The adder barely misses you. The endoplasm barely misses you.
You sock the adder!
You kill the adder!
Trog accepts your kill. The endoplasm freezes you.
You are frozen.
The adder barely misses you.
You closely miss the adder. The adder misses you. The endoplasm freezes you.
You are frozen.
The adder bites you but does no damage.
You barely miss the adder. The endoplasm closely misses you.
The adder closely misses you. The endoplasm closely misses you.
You hit the endoplasm.
The endoplasm is heavily wounded.
The adder bites you but does no damage.
The endoplasm hits you but does no damage.
The adder bites you but does no damage.
You hit the endoplasm.
The endoplasm is severely wounded.
The adder barely misses you. The endoplasm freezes you.
You are frozen.
You hit the endoplasm but do no damage.
The endoplasm is severely wounded.
The adder bites you but does no damage. The endoplasm misses you.
The adder bites you.
* * * LOW HITPOINT WARNING * * *
You hit the endoplasm but do no damage.
The endoplasm is severely wounded.
The endoplasm barely misses you. The adder closely misses you.
You hit the endoplasm.
The endoplasm is almost dead.
The adder barely misses you. The endoplasm freezes you.
You are frozen.
* * * LOW HITPOINT WARNING * * *
The adder closely misses you. The endoplasm freezes you.
You are frozen.
You die...

.# #.. ####....# !.. #..##
####.# ....#...# ###...#
SS#...# ##.....# #
.....###......## #..
#..!.##..###.#. #...#
#....#...# #.##
#..[..####....#...##..#
#.....J@S†............##
#########################
#.# #..# #.##########. #.#
#..#####......†..... #.#
#..............)....
###.#####.#####.###########
#.........# #.# #
#.#.####### #.#
#.......#######.#####


You could see an adder and an endoplasm.

Vanquished Creatures
  An adder (D:2)
  A worm (D:2)
  A dart slug (D:1)
  An orc (D:2)
  7 ball pythons
  2 endoplasms (D:1)
  A giant cockroach (D:1)
  3 goblins
  4 hobgoblins
  A jackal (D:2)
  3 kobolds (D:2)
  A bat (D:2)
  3 frilled lizards (D:1)
  3 rats (D:1)
32 creatures vanquished.

Vanquished Creatures (others)
  A fungus (D:1)
  A plant (D:1)
2 creatures vanquished.

Grand Total: 34 creatures vanquished

Notes
Turn   | Place    | Note
-------+----------+-------------------------------------------
     0 | D:1      | KittyFluff the Gargoyle Berserker began the quest for the
                  | Orb.
     0 | D:1      | Reached XP level 1. HP: 14/14 MP: 1/1
   126 | D:1      | Reached XP level 2. HP: 11/19 MP: 2/2
   486 | D:1      | Found a faded altar of an unknown god.
  1166 | D:2      | Reached XP level 3. HP: 23/23 MP: 3/3
  1466 | D:2      | Reached ** piety under Trog
  1522 | D:2      | Frozen to death by an endoplasm

Illustrated notes

Levels and vault maps discovered:
D:1:      lightli_arrival_quake, layout_basic, dreamdust_ecumenical_altar_grove
D:2:      minmay_recursive_quarters, layout_loops_ring, corexii_shack,
          kennysheep_big_empty_room, serial_bayou_pond_b, serial_bayou_lagoon_a

Action                   || total
-------------------------++-------
Melee: Mace              ||   114
  Use: Scroll            ||     1
Armor: Animal skin       ||     7
       Leather armour    ||    30
Dodge: Dodged            ||    81
